 Dungeon Crawl Stone Soup version 0.26-a0-487-gbff1e92059 (webtiles) character file.

Game seed: 815134444826045709

393 Lovable the Slasher (level 6, -7/51 HPs)
             Began as a Palentonga Berserker on Aug 2, 2020.
             Was a Believer of Trog.
             Mangled by Menkaure (14 damage)
             ... on level 4 of the Dungeon.
             The game lasted 00:12:52 (4705 turns).

Lovable the Slasher (Palentonga Berserker)          Turns: 4705, Time: 00:12:53

Health: -7/51      AC:  4    Str: 22    XL:     6   Next: 51%
Magic:  6/6        EV:  7    Int:  8    God:    Trog [**....]
Gold:   247        SH:  7    Dex:  9    Spells: 5/5 levels left

rFire    + . .     SeeInvis +   a - +0 falchion
rCold    . . .     Faith    .   i - +0 kite shield
rNeg     . . .     Spirit   .   e - +0 leather armour {rF+}
rPois    .         Reflect  .   (no helmet)
rElec    .         Harm     .   (no cloak)
rCorr    .                      (no gloves)
MR       ++...                  (boots restricted)
Stlth    +.........             (no amulet)
HPRegen  1.17/turn              h - ring of see invisible
MPRegen  0.10/turn              j - ring of see invisible

@: berserk cooldown, regenerating, slowed, very slow
A: large, rugged brown scales 3, see invisible, deformed body, roll, armoured
tail
a: Rolling Charge, Berserk, Trog's Hand, Renounce Religion


You were on level 4 of the Dungeon.
You worshipped Trog.
Trog was pleased with you.
You visited 1 branch of the dungeon, and saw 4 of its levels.

You collected 247 gold pieces.

Inventory:

Hand Weapons
 a - a +0 falchion (weapon)
Armour
 e - a +0 leather armour of fire resistance (worn)
 i - a +0 kite shield (worn)
Jewellery
 h - a ring of see invisible (left hand)
 j - a ring of see invisible (right hand)
Wands
 c - a wand of random effects (17)
Scrolls
 b - a scroll of remove curse
Potions
 d - a potion of magic
 f - a potion of invisibility
 g - a potion of brilliance


   Skills:
 + Level 4.2 Fighting
 + Level 5.2 Long Blades
 + Level 2.9 Armour
 + Level 2.5 Dodging
 + Level 0.7 Stealth


You had 5 spell levels left.
You didn't know any spells.
Your spell library contained the following spells:

 Spells                   Type           Power        Failure   Level
 Magic Dart               Conj           #...         98%         1
 Blink                    Tloc           N/A          99%         2
 Call Imp                 Summ           #.......     99%         2
 Slow                     Hex            #.......     99%         2
 Conjure Flame            Conj/Fire      #.......     100%        3
 Mephitic Cloud           Conj/Pois/Air  #.......     100%        3


Dungeon Overview and Level Annotations

Branches:
Dungeon (4/15)
 Temple: D:4-7

Altars:

Annotations:
D:4 Duvessa, Menkaure


Innate Abilities, Weirdness & Mutations

You are completely covered in rugged brown scales. (AC +3, +7% HP)
You have supernaturally acute eyesight. (SInv)
Armour fits poorly on your strangely shaped body.
You can roll at foes to attack.
You have a long armoured tail.


Message History

The gnoll closely misses you. You block the gnoll's attack.
You closely miss the gnoll.
The gnoll is moderately wounded.
The gnoll barely misses you.
You riposte.
You hit the gnoll.
The gnoll is severely wounded.
The gnoll hits you but does no damage.
You slash the gnoll!
You kill the gnoll!
Trog accepts your kill.
Menkaure shouts!
Menkaure points at you and mumbles some strange words.
Pain shoots through your body!
You see here a +0 spear.
Menkaure hits you!! Menkaure hits you!!
* * * LOW HITPOINT WARNING * * *
Your skin crawls.
You feel resistant to hostile enchantments.
Menkaure hits you!
You die...

#....## #..............
#####....#$......###.......
#.......(. ........).......
#........#.......###.......
#........#.......###.......
#..........................
#.#..### ###..........
#....M.#####..##.......
#..#.#@))..#...#.......
#..#.#####.............
#..#)# #.......#.....
#....### #.............
#..#.....##.......#..###
#.###.##.........###.### #.
#(####>............. #.
#.##................ #
.....#..............


You could see Menkaure.

Vanquished Creatures
  Dowan (D:4)
  An orc priest (D:3)
  A gnoll shaman (D:4)
  An orc wizard (D:3)
  Ijyb (D:3)
  A worker ant (D:4)
  4 gnolls (D:4)
  5 adders
  3 oozes (D:2)
  A worm (D:4)
  3 dart slugs
  4 leopard geckos
  5 orcs
  4 ball pythons
  10 bats
  2 giant cockroaches
  8 goblins
  14 hobgoblins
  5 jackals (D:1)
  10 kobolds
  2 quokkas (D:4)
  2 frilled lizards
  A leopard gecko skeleton (D:4)
  7 rats
96 creatures vanquished.

Notes
Turn   | Place    | Note
-------+----------+-------------------------------------------
     0 | D:1      | Lovable the Palentonga Berserker began the quest for the
                  | Orb.
     0 | D:1      | Reached XP level 1. HP: 19/19 MP: 1/1
    88 | D:1      | Reached XP level 2. HP: 22/25 MP: 2/2
   539 | D:1      | Reached XP level 3. HP: 30/31 MP: 3/3
   781 | D:2      | Reached ** piety under Trog
  1401 | D:2      | Reached XP level 4. HP: 38/38 MP: 4/4
  2071 | D:2      | Reached skill level 4 in Long Blades
  3310 | D:3      | Reached XP level 5. HP: 26/44 MP: 5/5
  3460 | D:3      | Noticed Ijyb
  3472 | D:3      | Killed Ijyb
  3822 | D:4      | Reached *** piety under Trog
  3975 | D:4      | Noticed Dowan
  3979 | D:4      | Noticed Menkaure
  3980 | D:4      | Noticed Duvessa
  4004 | D:3      | HP: 1/44 [orc priest/+0 mace (9)]
  4376 | D:3      | Reached XP level 6. HP: 51/51 MP: 6/6
  4610 | D:4      | Killed Dowan
  4680 | D:4      | Reached skill level 5 in Long Blades
  4705 | D:4      | Mangled by Menkaure

Illustrated notes

Levels and vault maps discovered:
D:1:      dpeg_arrival_lava_temple_mockup, layout_loops_ring,
          corexii_hall_statues_s
D:2:      layout_basic, guppyfry_early_orc_mine
D:3:      layout_loops_ring, uniq_ijyb
D:4:      layout_rooms, uniq_menkaure, uniq_sigmund, uniq_duvessa

Skill      XL: |  1  2  3  4  5  6 |
---------------+-------------------+-----
Dodging        | 2 |  2.5
Long Blades    | 4 5 |  5.2
Armour         | 2 |  2.9
Fighting       | 4 |  4.2
Stealth        | |  0.7

Action                   |  1- 3 |  4- 6 || total
-------------------------+-------+-------++-------
Melee: Falchion          |    99 |   152 ||   251
       Tailslap          |    19 |    20 ||    39
Invok: Berserk           |     2 |     6 ||     8
       Trog's Hand       |       |     5 ||     5
 Abil: Rolling Charge    |     4 |       ||     4
Evoke: Wand              |       |     1 ||     1
  Use: Scroll            |     4 |     1 ||     5
       Potion            |     1 |     3 ||     4
Armor: Animal skin       |    17 |       ||    17
       Ring mail         |    31 |       ||    31
       Leather armour    |     1 |    59 ||    60
       Skin              |       |     2 ||     2
Dodge: Dodged            |    81 |    88 ||   169
Block: Kite shield       |       |    11 ||    11
       Rpst.: Falchion   |    21 |    26 ||    47

Table legend: (Time is in decaauts)
 A = Elapsed time spent in this place.
 B = Non-inter-level travel time spent in this place.
 C = Inter-level travel time spent in this place.
 D = Time resting spent in this place.
 E = Time spent auto-exploring this place.
 F = Levels seen in this place.
 G = Mean time per level.
                   A        B        C        D        E       F      G
               +--------+--------+--------+--------+--------+-----+--------+
         Total |   4796 |   4454 |    342 |   1037 |   1958 |   4 | 1199.0 |
       Dungeon |   4796 |   4454 |    342 |   1037 |   1958 |   4 | 1199.0 |
               +--------+--------+--------+--------+--------+-----+--------+

Top non-repeatable levels by time:
     D:2: 2298 daAuts
     D:3: 1150 daAuts
     D:1: 767 daAuts
     D:4: 580 daAuts
